 Dungeon Crawl Stone Soup version 0.30.0-5-g1a98f26d00 (webtiles) character file.

Game seed: 1601885587187482631

283770 komi the Bludgeoner (level 20, -38/178 HPs)
             Began as a Barachi Monk on May 10, 2023.
             Was the Champion of Cheibriados.
             Killed from afar by an ironbound frostheart (49 damage)
             ... by creeping frost
             ... on level 1 of the Vaults.
             The game lasted 01:57:47 (46668 turns).

komi the Bludgeoner (Barachi Monk)                 Turns: 46668, Time: 01:57:47

Health: -38/178    AC: 26    Str: 36 (37) XL:     20   Next: 56%
Magic:  0/31       EV: 13    Int: 27      God:    Cheibriados [******]
Gold:   1897       SH: 18    Dex: 30      Spells: 19/19 levels left

rFire   + . .        z - +6 demon whip (venom)
rCold   . . .        v - +0 kite shield
rNeg    . . .        V - +2 plate armour {rPois}
rPois   +            h - +1 hat {SInv}
rElec   .            H - scarf {repulsion}
rCorr   .            U - +1 pair of gloves
SInv    +            (no boots)
Will    +....        p - amulet of guardian spirit Stlth
                     Q - ring of the Octopus King {Wiz HP+2 AC+2 EV+2 SH+2}
HPRegen 0.49/turn    M - ring of protection from fire
MPRegen 0.22/turn

%: repel missiles, guardian spirit, wizardry (x1)
@: marked, unable to read, very slow
A: amphibious, slowness 1, strong legs 2, +LOS, hooves 1, strong 1, inability to
read after injury 1, MP-powered wands
}: 2/15 runes: barnacled, gossamer
a: Hop, Renounce Religion, Bend Time, Temporal Distortion, Slouch, Step From
Time


You were on level 1 of the Vaults.
You worshipped Cheibriados.
Cheibriados was exalted by your worship.
You visited 8 branches of the dungeon, and saw 33 of its levels.
You visited the Abyss 1 time.

You collected 3692 gold pieces.
You spent 1795 gold pieces at shops.

Inventory:

Hand Weapons
 b - a +3 great mace
 z - a +6 demon whip of venom (weapon)
 J - a +1 war axe of flaming
Missiles
 m - 15 silver javelins (quivered)
 w - 6 throwing nets
Armour
 f - a scarf of resistance
 h - a +1 hat of see invisible (worn)
 q - a +2 pair of boots
 t - the +1 cloak "Nausugh" {Harm rN++ Int-2}
   (You found it on level 5 of the Lair of Beasts)

   Int:       It affects your intelligence (-2).
   rN:        It greatly protects you from negative energy.
   Harm:      It increases damage dealt and taken.
 v - a +0 kite shield (worn)
 D - the +1 cloak of Hubris {rF- rN++ Regen+ rCorr}
   (You found it on level 2 of the Shoals)

   rF:        It makes you vulnerable to fire.
   rN:        It greatly protects you from negative energy.
   Regen:     It increases your rate of health regeneration.
   rCorr:     It protects you from acid and corrosion.
 H - a scarf of repulsion (worn)
 U - a +1 pair of gloves (worn)
 V - a +2 plate armour of poison resistance (worn)
 W - the +6 plate armour "Micuq" {Contam rElec rF+}
   (You bought it in a shop on level 2 of the Orcish Mines)

   rF:        It protects you from fire.
   rElec:     It insulates you from electricity.
   Contam:    It causes magical contamination when unequipped.
Jewellery
 n - a ring of resist corrosion
 o - a ring of see invisible
 p - an amulet of guardian spirit (around neck)
 y - the amulet of Nide {Reflect Rampage rElec Str+7 SH+5}
   (You found it on level 2 of the Shoals)

   [amulet of reflection]

   It reflects blocked missile attacks.
   Str:       It affects your strength (+7).
   rElec:     It insulates you from electricity.
   SH:        It affects your SH (+5).
   Rampage:   It bestows one free step when moving towards enemies.
   Cheibriados disapproves of the use of such an item.
 M - a ring of protection from fire (right hand)
 Q - a ring of the Octopus King (left hand) {Wiz HP+2 AC+2 EV+2 SH+2}
   (You found it on level 5 of the Lair of Beasts)

   [ring of wizardry]

   It improves your spell success rate.
   AC:        It affects your AC (+2).
   EV:        It affects your evasion (+2).
   HP:        It affects your health (+2).
   SH:        It affects your SH (+2).
Wands
 c - a wand of iceblast (15)
 r - a wand of acid (23)
 L - a wand of polymorph (12)
 P - a wand of paralysis (13)
Scrolls
 a - 2 scrolls of fear
 i - 4 scrolls of teleportation
 s - 5 scrolls of fog
 x - 15 scrolls of identify
 A - 2 scrolls of magic mapping
 B - a scroll of amnesia
 C - 3 scrolls of enchant armour
 E - 6 scrolls of poison
 F - a scroll of blinking
 R - a scroll of silence
 T - 3 scrolls of brand weapon
 Y - a scroll of summoning
Potions
 e - 7 potions of flight
 g - 3 potions of brilliance
 j - 3 potions of resistance
 k - 8 potions of mutation
 l - 10 potions of curing
 u - 4 potions of berserk rage
 G - 3 potions of cancellation
 I - 9 potions of attraction
 K - 4 potions of lignification
 O - 5 potions of ambrosia
 S - 2 potions of might
 X - a potion of invisibility
Miscellaneous
 d - a phantom mirror


   Skills:
 + Level 20.0 Fighting
 * Level 20.2 Maces & Flails
 - Level 3.0 Polearms
 + Level 3.6 Throwing
 - Level 18.3 Armour
 - Level 3.2 Dodging
 + Level 13.0 Shields
 - Level 15.0 Invocations


You had 19 spell levels left.
You didn't know any spells.
Your spell library contained the following spells:

 Spells                   Type           Power      Damage    Failure   Level
 Freeze                   Ice            0%         1d3       22%         1
 Kiss of Death            Conj/Necr      0%         2d5       22%         1
 Magic Dart               Conj           0%         1d3       22%         1
 Necrotise                Necr           0%         1d4       22%         1
 Slow                     Hex            0%         N/A       22%         1
 Sting                    Tmut/Pois      0%         1d3       22%         1
 Call Imp                 Summ           0%         N/A       32%         2
 Cigotuvi's Dreadful Rot  Necr/Pois/Air  0%         N/A       32%         2
 Ensorcelled Hibernation  Hex/Ice        0%         N/A       32%         2
 Lesser Beckoning         Tloc           0%         N/A       32%         2
 Poisonous Vapours        Pois/Air       0%         N/A       32%         2
 Static Discharge         Conj/Air       0%         2-2/arc   32%         2
 Sublimation of Blood     Necr           0%         N/A       32%         2
 Wereblood                Tmut           0%         N/A       32%         2
 Call Canine Familiar     Summ           0%         N/A       52%         3
 Confusing Touch          Hex            0%         N/A       52%         3
 Dazzling Flash           Conj/Hex       0%         N/A       52%         3
 Frozen Ramparts          Ice            0%         1d1       52%         3
 Gell's Gravitas          Tloc           0%         N/A       52%         3
 Hailstorm                Conj/Ice       0%         3d3       52%         3
 Ignite Poison            Fire/Tmut/Pois 0%         N/A       52%         3
 Mephitic Cloud           Conj/Pois/Air  0%         N/A       52%         3
 Ozocubu's Armour         Ice            0%         N/A       52%         3
 Portal Projectile        Hex/Tloc       0%         N/A       52%         3
 Spider Form              Tmut/Pois      0%         N/A       52%         3
 Summon Guardian Golem    Hex/Summ       0%         N/A       52%         3
 Teleport Other           Tloc           0%         N/A       52%         3
 Tukima's Dance           Hex            0%         N/A       52%         3
 Vampiric Draining        Necr           0%         2d6       52%         3
 Vhi's Electric Charge    Tloc/Air       0%         N/A       52%         3
 Volatile Blastmotes      Fire/Tloc      0%         2d10      52%         3
 Airstrike                Air            0%         2d(0-16)  89%         4
 Anguish                  Hex/Necr       0%         N/A       89%         4
 Animate Armour           Summ/Erth      0%         N/A       89%         4
 Cause Fear               Hex            0%         N/A       89%         4
 Dispel Undead            Necr           0%         3d6       89%         4
 Iskenderun's Mystic Bla  Conj/Tloc      0%         2d3       89%         4
 Leda's Liquefaction      Hex/Erth       0%         N/A       89%         4
 Olgreb's Toxic Radiance  Pois           0%         N/A       89%         4
 Summon Lightning Spire   Summ/Air       0%         N/A       89%         4
 Agony                    Necr           0%         N/A       99%         5
 Arcjolt                  Conj/Air       0%         1d10      99%         5
 Blade Hands              Tmut           0%         N/A       99%         5
 Freezing Cloud           Conj/Ice/Air   0%         6-21      99%         5
 Iskenderun's Battlesphe  Conj           0%         2d6       99%         5
 Metabolic Englaciation   Hex/Ice        0%         N/A       99%         5
 Dispersal                Tloc           0%         N/A       100%        6
 Iron Shot                Conj/Erth      0%         9d1       100%        6
 Plasma Beam              Fire/Air       0%         2x1d11    100%        6
 Simulacrum               Ice/Necr       0%         N/A       100%        6
 Starburst                Conj/Fire      0%         6d3       100%        6
 Malign Gateway           Summ/Tloc      0%         N/A       100%        7
 Spellforged Servitor     Conj/Summ      0%         N/A       100%        7
 Summon Hydra             Summ           0%         N/A       100%        7
 Summon Horrible Things   Summ           0%         N/A       100%        8
 Death's Door             Necr           0%         N/A       100%        9


Dungeon Overview and Level Annotations

Branches:
Dungeon (15/15)            Temple (1/1) D:7            Lair (5/5) D:10
 Shoals (4/4) Lair:2       Spider (4/4) Lair:3        Slime (0/5) Lair:4
    Orc (2/2) D:12            Elf (1/3) Orc:2        Vaults (1/5) D:14
 Depths (0/4) D:15

Altars:
Ashenzari
Cheibriados
Dithmenos
Elyvilon
Fedhas
Gozag
Hepliaklqana
Kikubaaqudgha
Makhleb
Nemelex Xobeh
Okawaru
Qazlal
Ru
Sif Muna
Trog
Uskayaw
Vehumet
Wu Jian
Xom
Yredelemnul
Zin
The Shining One
Jiyva
Lugonu

Shops:
D:6 ?   D:8 :   D:12 !   Orc:1 [[   Orc:2 =(*[   Shoals:1 *

Portals:
Abyss: Shoals:2
Trove: D:11 (give +5 fire dragon scales)

Annotations:
Lair:2 2 runed translucent doors, NateTC's ghost, journeyman HOFi
Lair:5 exclusion: oklob plant
Shoals:1 3 runed translucent doors, Rikonman's ghost, journeyman DsAr
Shoals:2 1 runed translucent door, Kehia's ghost, adept DrWn


Innate Abilities, Weirdness & Mutations

You are amphibious.
You cover ground slowly.
You can hop long distances.
You have an extended range of vision and can be seen from far away.
You have large cloven feet.
Your muscles are strong. (Str +4, Int/Dex -1)
You occasionally lose the ability to read scrolls when taking damage.
You expend magic power (3 MP) to strengthen your wands.


Message History

* * * LOW HITPOINT WARNING * * *
You barely miss the great orb of eyes.
You kick the great orb of eyes, but do no damage.
The great orb of eyes is moderately wounded.
The ice encasing you melts away.
You hit the great orb of eyes.
You kick the great orb of eyes, but do no damage.
The great orb of eyes is moderately wounded.
The ironbound preserver gestures wildly while chanting.
The ironbound preserver begins to accept its allies' injuries.
A vault sentinel comes into view. It is wielding a +0 war axe.
The ironbound frostheart calls freezing cold from the walls.
The frost grips you!!
* * * LOW HITPOINT WARNING * * *
You are encased in ice.
You block the great orb of eyes's attack.
You hit the great orb of eyes.
The great orb of eyes looks as sick as possible!
The great orb of eyes is heavily wounded.
You hit the great orb of eyes.
The great orb of eyes looks as sick as possible!
You kick the great orb of eyes, but do no damage.
The great orb of eyes is heavily wounded.
The ironbound frostheart calls freezing cold from the walls.
The frost grips you!!
* * * LOW HITPOINT WARNING * * *
The great orb of eyes closely misses you.
Okay, then.
Okay, then.
You hit the great orb of eyes. You kick the great orb of eyes.
The great orb of eyes is heavily wounded.
You barely miss the great orb of eyes.
You kick the great orb of eyes, but do no damage.
The great orb of eyes is heavily wounded.
The ice encasing you melts away.
The vault sentinel gestures at you while chanting.
A sentinel's mark forms upon you.
The ironbound frostheart calls freezing cold from the walls.
The frost grips you!!!
You die...

#...........................
#...........................
#.......###.................
#......## #†................
#.....##..#p#### ......
#....##...#.# .####
#...##....).# #..##.....#.#
#..#......#@# #..#.....##G#
#..#....##Tp# #..#...##TTp#
#..#..##...T# #..#.##.....#
#..###......# #...........#
#...........#


You could see an ironbound preserver, a great orb of eyes (sheltered, extremely
poisoned), an ironbound frostheart (sheltered), 4 deep trolls and a vault
sentinel.

Vanquished Creatures
  Arachne (Spider:4)
  2 sphinxes (Shoals:4)
  Kirke (Shoals:4)
  Agnes (Spider:3)
  A tengu reaver (D:12)
  An emperor scorpion (Spider:2)
  6 ghost moths
  2 broodmothers
  2 orc warlords
  3 ironbound preservers (Vaults:1)
  2 ironbound thunderhulks (Vaults:1)
  A deep elf annihilator (D:12)
  Azrael (D:12)
  4 dire elephants
  2 minotaurs (Shoals:4)
  2 merfolk javelineers (Shoals:3)
  5 merfolk impalers
  2 fire dragons (D:14)
  2 great orbs of eyes (Vaults:1)
  6 entropy weavers
  8 vault guards (D:14)
  2 hydras
  2 yaktaur captains (Vaults:1)
  An ice dragon (D:15)
  Harold (Lair:2)
  Erolcha (D:11)
  8 jorogumos
  8 centaur warriors
  A catoblepas (Lair:5)
  3 ironbound frosthearts (Vaults:1)
  4 merfolk avatars
  4 anacondas (Lair:4)
  8 satyrs (Shoals:4)
  2 alligator snapping turtles (Shoals:4)
  4 radroaches
  7 death yaks
  3 merfolk aquamancers (Shoals:2)
  4 two-headed ogres
  A death knight (D:14)
  5 boulder beetles
  7 tengu warriors
  2 orc high priests (Orc:2)
  6 pharaoh ants
  3 fire crabs
  7 skysharks
  Amaemon (D:10)
  4 sun moths
  3 skeletal warriors
  16 orb spiders
  A sea snake (shapeshifter) (D:12)
  7 sea snakes
  12 deep trolls
  2 lindwurms (Vaults:1)
  An ironbound convoker (Vaults:1)
  5 deep elf pyromancers
  A phantasmal warrior (D:14)
  6 orc knights
  A deep elf archer (D:15)
  A necromancer (D:12)
  3 steelbarb worms
  2 deep elf zephyrmancers (Elf:1)
  10 harpies
  27 wolf spiders
  14 ugly things
  40 elephants
  7 orc sorcerers
  17 manticores
  3 vault sentinels (Vaults:1)
  10 cyclopes
  5 moths of wrath
  2 water nymphs (Shoals:3)
  10 fauns
  3 apocalypse crabs (Shoals:2)
  7 merfolk sirens
  4 torpor snails
  5 black mambas
  An orange demon (D:11)
  7 demonic crawlers
  7 cane toads
  2 gargoyles
  An unseen horror (D:12)
  2 kobold demonologists
  13 komodo dragons
  A yaktaur (Vaults:1)
  2 freezing wraiths
  10 rime drakes
  A tengu conjurer (D:13)
  22 merfolk
  7 trolls
  8 wind drakes
  4 hornets
  3 meliai (D:14)
  4 polar bears
  33 tarantellas
  4 dream sheep (Shoals:2)
  11 snapping turtles
  10 slime creatures
  18 blink frogs
  21 culicivoras
  2 spriggans
  35 jumping spiders
  3 wraiths
  A vampire (D:9)
  9 water elementals
  3 shadows
  40 yaks
  10 wyverns
  A hog (Shoals:3)
  6 basilisks
  4 steam dragons
  3 fire elementals (D:12)
  45 redbacks
  7 vampire mosquitoes
  6 wargs
  Edmund (D:6)
  2 acid dragons
  4 hell hounds (D:12)
  16 water moccasins
  24 orc warriors
  2 ice beasts (D:10)
  4 black bears
  A sky beast (D:8)
  5 ogres
  21 centaurs
  7 wolves
  A phantom (D:4)
  11 bullfrogs
  3 kobold brigands
  A gnoll sergeant (D:6)
  8 scorpions
  9 wights
  6 killer bees (D:11)
  7 electric eels
  A howler monkey (D:13)
  4 jellies
  3 hounds
  A gnoll bouda (D:6)
  18 orc priests
  A sleepcap (D:7)
  2 iguanas
  35 orc wizards
  4 hell rats
  Robin (D:4)
  10 gnolls (D:6)
  4 river rats (Lair:2)
  17 adders
  A shadow imp (D:6)
  2 white imps
  An ufetubus (D:7)
  4 worms
  9 dart slugs
  78 orcs
  10 endoplasms
  2 giant cockroaches
  13 goblins
  7 hobgoblins
  6 jackals (D:4)
  2 quokkas
  7 ball pythons
  3 bats
  A frilled lizard (D:1)
  19 kobolds
  14 rats
1159 creatures vanquished.

Vanquished Creatures (others)
  A pharaoh ant (Spider:2)
  A water elemental (Shoals:1)
  3 humans (Shoals:4)
  A yak (Lair:4)
  An orc warrior (D:15)
  A howler monkey (D:12)
  An electric eel (D:12)
  An adder (Lair:1)
  A river rat (Lair:2)
  2 orcs
13 creatures vanquished.

Grand Total: 1172 creatures vanquished

Notes
Turn   | Place    | Note
-------+----------+-------------------------------------------
     0 | D:1      | komi the Barachi Monk began the quest for the Orb.
     0 | D:1      | Reached XP level 1. HP: 18/18 MP: 1/1
   273 | D:1      | Reached skill level 1 in Maces & Flails
   273 | D:1      | Reached XP level 2. HP: 21/25 MP: 2/2
   390 | D:1      | You fall into a shaft and drop 1 floor!
   445 | D:2      | Reached skill level 1 in Armour
   562 | D:2      | Reached XP level 3. HP: 26/30 MP: 3/3
  1115 | D:2      | Identified the orb of the Zebra {*channel, Fly}
  1574 | D:3      | Got the Elucidation of Cursed Angles
  1586 | D:3      | Reached XP level 4. HP: 37/37 MP: 4/4
  1689 | D:3      | Found a stormy altar of Qazlal.
  1949 | D:4      | Reached XP level 5. HP: 31/43 MP: 3/5
  2230 | D:4      | Reached skill level 5 in Fighting
  2231 | D:4      | Reached XP level 6. HP: 32/51 MP: 1/6
  2320 | D:4      | Found a basalt altar of Yredelemnul.
  2337 | D:4      | Found an iron altar of Okawaru.
  2370 | D:4      | Noticed Robin
  2396 | D:4      | Killed Robin
  2709 | D:5      | Entered Level 5 of the Dungeon
  2721 | D:5      | Reached skill level 5 in Maces & Flails
  2722 | D:5      | Identified the +3 scale mail of Weirdness {rPois}
  2803 | D:5      | Noticed a black bear
  2804 | D:5      | Reached XP level 7. HP: 43/56 MP: 5/7
  2902 | D:5      | Noticed a hornet
  2998 | D:6      | Noticed Edmund
  3426 | D:6      | Killed Edmund
  3427 | D:6      | Reached skill level 5 in Armour
  3427 | D:6      | Reached XP level 8. HP: 65/65 MP: 8/8
  3530 | D:6      | Noticed a wyvern
  3536 | D:6      | Killed a wyvern
  3758 | D:6      | Found Ehoaxup's Magic Scroll Shop.
  3762 | D:6      | Bought a scroll of teleportation for 39 gold pieces
  3762 | D:6      | Bought a scroll of identify for 26 gold pieces
  3762 | D:6      | Bought a scroll of identify for 26 gold pieces
  3762 | D:6      | Bought a scroll of teleportation for 39 gold pieces
  4229 | D:7      | Reached XP level 9. HP: 72/72 MP: 9/9
  4542 | D:7      | Found a staircase to the Ecumenical Temple.
  4665 | Temple   | Entered the Ecumenical Temple
  4779 | D:7      | Found a bloodstained altar of Trog.
  4828 | D:7      | Noticed a two-headed ogre
  4838 | D:7      | Killed a two-headed ogre
  4839 | D:7      | Reached skill level 10 in Maces & Flails
  5308 | D:8      | Reached XP level 10. HP: 27/83 MP: 4/10
  5528 | D:8      | Found the +4 skin of Zhor {*Englaciate rC+++ SInv}
  5584 | D:8      | Found Boll's Book Emporium.
  6118 | D:9      | Found a hide-covered altar of Uskayaw.
  6237 | D:9      | Found a broken altar of Ashenzari.
  6322 | D:9      | Identified the +2 robe of Ivops {Fly rC+ rCorr}
  6566 | D:9      | Reached skill level 10 in Fighting
  6828 | D:9      | Noticed a kobold demonologist
  6836 | D:9      | Noticed a rust devil
  6837 | D:9      | Noticed an orange demon
  6837 | D:9      | Killed a kobold demonologist
  6950 | D:9      | Reached XP level 11. HP: 71/92 MP: 9/11
  7138 | D:10     | Entered Level 10 of the Dungeon
  7203 | D:10     | Found a staircase to the Lair.
  7423 | D:10     | Reached skill level 10 in Armour
  7490 | D:10     | Noticed a two-headed ogre
  7497 | D:10     | Killed a two-headed ogre
  7586 | D:10     | Found an ornate altar of the Wu Jian Council.
  7814 | D:10     | Found a snail-covered altar of Cheibriados.
  7819 | D:10     | Became a worshipper of Cheibriados the Contemplative
  7819 | D:10     | Reached * piety under Cheibriados
  7819 | D:10     | Reached ** piety under Cheibriados
  8101 | D:10     | Reached skill level 1 in Invocations
  8425 | D:11     | Found a portal to a secret trove of treasure.
  8812 | D:11     | Reached skill level 1 in Shields
  8957 | D:11     | Noticed Erolcha
  8986 | Lair:1   | Entered Level 1 of the Lair of Beasts
  9351 | Lair:1   | Reached *** piety under Cheibriados
  9754 | Lair:2   | Identified the +1 plate armour of the Dragon {rC+ Int+2}
  9805 | Lair:1   | Reached XP level 12. HP: 54/99 MP: 8/14
  9937 | Lair:1   | Reached **** piety under Cheibriados
 10346 | Lair:1   | Reached skill level 15 in Maces & Flails
 10411 | Lair:1   | Reached skill level 5 in Shields
 11071 | Lair:2   | Reached ***** piety under Cheibriados
 11168 | Lair:2   | Reached skill level 5 in Invocations
 11327 | Lair:2   | Noticed a skyshark
 11328 | Lair:2   | Found a large runed translucent door.
 11342 | Lair:2   | Killed a skyshark
 11343 | Lair:2   | Found a large runed translucent door.
 11459 | Lair:2   | Noticed NateTC's ghost (journeyman HOFi)
 11519 | Lair:2   | Noticed a six-headed hydra
 11878 | Lair:2   | Found a staircase to the Shoals.
 12027 | Lair:2   | Noticed Harold
 12042 | Lair:2   | Killed Harold
 12085 | Lair:2   | Killed a one-headed hydra
 12287 | Lair:2   | Gained mutation: You can hop long distances. [Barachi
                  | growth]
 12287 | Lair:2   | Reached XP level 13. HP: 105/105 MP: 17/17
 13057 | Lair:3   | Found a hole to the Spider Nest.
 13731 | Lair:3   | Reached ****** piety under Cheibriados
 14040 | Lair:3   | Noticed a dire elephant
 14054 | Lair:3   | Killed a dire elephant
 14535 | Lair:4   | Found a staircase to the Slime Pits.
 14535 | Lair:4   | Found a viscous altar of Jiyva.
 15045 | Lair:4   | Reached XP level 14. HP: 21/115 MP: 5/19
 15666 | Lair:4   | Identified the +6 rapier "Qassuom" {elec, rC+ Str+4}
 16720 | Lair:5   | Entered Level 5 of the Lair of Beasts
 17329 | Lair:5   | Reached skill level 10 in Shields
 17346 | Lair:5   | Identified the +0 leather armour of the Flute {rPois rC-
                  | Str+4}
 17765 | Lair:5   | Found the ring of the Octopus King
 17789 | Lair:5   | Identified a ring of the Octopus King {Wiz HP+2 AC+2 EV+2
                  | SH+2}
 18024 | Lair:5   | Identified the +1 cloak "Nausugh" {Harm rN++ Int-2}
 18923 | Lair:5   | Reached XP level 15. HP: 92/124 MP: 11/21
 19478 | D:11     | Noticed Amaemon
 19509 | D:10     | Killed Amaemon
 20056 | Abyss:2  | Found a corrupted altar of Lugonu.
 20056 | Abyss:2  | Cast into level 2 of the Abyss (Erolcha)
 20095 | D:11     | Escaped the Abyss
 20104 | D:11     | Killed Erolcha
 20490 | D:12     | Found a staircase to the Orcish Mines.
 20491 | D:12     | Noticed Azrael
 20517 | D:12     | Killed Azrael
 21011 | D:12     | Found Beoges's Distillery.
 21253 | D:12     | Identified the +7 chain mail of Buvi {Harm rPois Slay-2}
 21474 | D:12     | Noticed a tengu reaver
 21782 | D:12     | Killed a tengu reaver
 22400 | D:12     | Got Heanuuri's Tome of Charnel Coordinates
 22690 | D:13     | Reached skill level 10 in Invocations
 24726 | D:14     | Reached XP level 16. HP: 129/134 MP: 23/23
 24731 | D:14     | Reached skill level 15 in Fighting
 24893 | D:14     | Found a gate to the Vaults.
 25278 | Orc:1    | Entered Level 1 of the Orcish Mines
 25611 | Orc:1    | Reached skill level 15 in Armour
 25797 | Orc:1    | Gained mutation: You are dopey. (Int -2) [a neqoxec]
 25799 | Orc:1    | Gained mutation: You are frail. (-10% HP) [a neqoxec]
 25799 | Orc:1    | Gained mutation: You are very frail. (-20% HP) [a neqoxec]
 25877 | Orc:1    | Found Rutoz's Armour Shoppe.
 25877 | Orc:1    | Found Osmelav's Armour Shop.
 26004 | Orc:1    | Bought a +1 pair of gloves for 149 gold pieces
 26302 | Orc:2    | Entered Level 2 of the Orcish Mines
 26333 | Orc:2    | Found a staircase to the Elven Halls.
 26405 | Elf:1    | Entered Level 1 of the Elven Halls
 27281 | Orc:2    | Found Nixoss's General Store.
 27288 | Orc:2    | Bought a scroll of teleportation for 42 gold pieces
 27288 | Orc:2    | Bought 2 potions of cancellation for 224 gold pieces
 27297 | Orc:2    | Found Koqoph's Jewellery Boutique.
 27428 | Orc:2    | Found Celoybay's Antique Weapon Boutique.
 27443 | Orc:2    | Found Beweykk's Antique Armour Boutique.
 27450 | Orc:2    | Bought a pitted plate armour for 1036 gold pieces
 27450 | Orc:2    | Identified the +6 plate armour "Micuq" {Contam rElec rF+}
                  | (You bought it in a shop on level 2 of the Orcish Mines)
 27614 | Orc:1    | Bought a +2 pair of boots for 214 gold pieces
 27688 | D:15     | Entered Level 15 of the Dungeon
 29296 | D:15     | Found a staircase to the Depths.
 29370 | D:15     | Identified the +3 mace "Transmigrator" {heavy, rN+ Will+
                  | Int+2 Stlth+}
 29868 | Spider:1 | Entered Level 1 of the Spider Nest
 30186 | Spider:1 | Reached XP level 17. HP: 108/115 MP: 22/25
 31345 | Lair:2   | Gained mutation: You occasionally lose the ability to drink
                  | potions when taking damage. [mutagenic glow]
 31386 | Lair:2   | Gained mutation: You are occasionally teleported next to
                  | monsters. [mutagenic glow]
 31588 | Lair:2   | Lost mutation: You are occasionally teleported next to
                  | monsters. [potion of mutation]
 31588 | Lair:2   | Lost mutation: You are very frail. (-20% HP) [potion of
                  | mutation]
 31588 | Lair:2   | Lost mutation: You are frail. (-10% HP) [potion of
                  | mutation]
 31588 | Lair:2   | Gained mutation: You have large cloven feet. [potion of
                  | mutation]
 31588 | Lair:2   | Gained mutation: Your flesh is cold resistant. (rC+)
                  | [potion of mutation]
 31588 | Lair:2   | Gained mutation: Your muscles are strong. (Str +4, Int/Dex
                  | -1) [potion of mutation]
 35208 | Spider:3 | Noticed Agnes
 35223 | Spider:3 | Killed Agnes
 35596 | Spider:4 | Entered Level 4 of the Spider Nest
 35793 | Spider:4 | Reached XP level 18. HP: 129/156 MP: 21/27
 37321 | Spider:4 | Paralysed by a jorogumo for 1 turns
 37796 | Spider:4 | Noticed Arachne
 37954 | Spider:4 | Killed Arachne
 38444 | Spider:4 | Got a gossamer rune of Zot
 38666 | Spider:4 | Reached XP level 19. HP: 156/156 MP: 29/29
 38933 | Shoals:1 | Entered Level 1 of the Shoals
 39039 | Shoals:1 | Found a runed translucent gate.
 39039 | Shoals:1 | Found a runed translucent gate.
 39039 | Shoals:1 | Found a runed translucent gate.
 39039 | Shoals:1 | Noticed Rikonman's ghost (journeyman DsAr)
 39493 | Shoals:1 | Found Xoizaova's General Store.
 39777 | Shoals:2 | Paralysed by you for 4 turns
 39784 | Shoals:2 | Found a runed translucent door.
 39802 | Shoals:2 | Found a corrupted altar of Lugonu.
 39802 | Shoals:2 | Found a one-way gate to the infinite horrors of the Abyss.
 39817 | Shoals:2 | Found a runed translucent gate.
 39817 | Shoals:2 | Found a runed translucent gate.
 39817 | Shoals:2 | Found a runed translucent gate.
 39832 | Shoals:2 | Noticed Kehia's ghost (adept DrWn)
 41023 | Shoals:3 | Reached skill level 15 in Invocations
 41192 | Shoals:3 | Identified the +0 quarterstaff of the Ship {protect, rElec
                  | Str+4}
 41668 | Shoals:4 | Entered Level 4 of the Shoals
 42461 | Shoals:4 | Reached XP level 20. HP: 135/174 MP: 22/31
 43234 | Shoals:4 | Noticed Kirke
 43260 | Shoals:4 | Killed Kirke
 43401 | Shoals:4 | Reached skill level 1 in Throwing
 43761 | Shoals:4 | Got a barnacled rune of Zot
 43807 | Shoals:4 | Identified the staff of air "Davat" {rElec rC+ Will+ Dex+3}
 43809 | Shoals:4 | Identified the staff of cold "Neguin" {rF+ rC+}
 44178 | Vaults:1 | Entered Level 1 of the Vaults
 45044 | Shoals:2 | Gained mutation: You occasionally lose the ability to read
                  | scrolls when taking damage. [mutagenic glow]
 45051 | Shoals:2 | Identified the amulet of Nide {Reflect Rampage rElec Str+7
                  | SH+5}
 45052 | Shoals:2 | Identified the +1 cloak of Hubris {rF- rN++ Regen+ rCorr}
 45054 | Shoals:2 | Gained mutation: Armour fits poorly on your strangely
                  | shaped body. [mutagenic glow]
 45082 | Shoals:2 | Lost mutation: Your flesh is cold resistant. (rC+)
                  | [mutagenic glow]
 45082 | Shoals:2 | Gained mutation: You are vulnerable to cold. (rC-)
                  | [mutagenic glow]
 45727 | Vaults:1 | Paralysed by a great orb of eyes for 3 turns
 46129 | Vaults:1 | Lost mutation: You are vulnerable to cold. (rC-) [potion of
                  | mutation]
 46129 | Vaults:1 | Lost mutation: You occasionally lose the ability to drink
                  | potions when taking damage. [potion of mutation]
 46129 | Vaults:1 | Lost mutation: You are dopey. (Int -2) [potion of mutation]
 46129 | Vaults:1 | Lost mutation: Armour fits poorly on your strangely shaped
                  | body. [potion of mutation]
 46129 | Vaults:1 | Gained mutation: You expend magic power (3 MP) to
                  | strengthen your wands. [potion of mutation]
 46668 | Vaults:1 | Killed from afar by an ironbound frostheart

Illustrated notes

Levels and vault maps discovered:
D:1:      dpeg_arrival_snail, layout_basic, dilly_ecumenical_altar_fadedgnrine
D:2:      layout_loops_cross, serial_forest, infiniplex_forest_end_3,
          infiniplex_forest_corner_2, infiniplex_forest_end_1,
          infiniplex_forest_zigzag_2, infiniplex_forest_lined_3_way,
          infiniplex_forest_end_double, hangedman_decor_push
D:3:      layout_basic, mainiacjoe_overflow_paths
D:4:      layout_rooms, nicolae_overflow_squiral,
          amcnicky_mini_corridor_feature, uniq_robin
D:5:      layout_rooms, minmay_a_box_with_orc_wizards_in_it
D:6:      layout_rooms, serial_shops, nicolae_shop_pleasant_corner_grove,
          uniq_edmund
D:7:      kennysheep_slugbush, layout_basic, lightli_temple_of_fire,
          minmay_temple_entry_poolview, minmay_splitting_lines,
          minmay_misc_feat_hallway
D:8:      layout_rooms, serial_shops, shop_fountains,
          hellmonk_guarded_unrand_zhor
D:9:      minmay_spotlight, layout_gridville, eat_drink_and_be_merry_uskayaw,
          ashenzari_conservatory_becter, special_room [special_room_orc]
D:10:     layout_basic, mainiacjoe_overflow_24_doors,
          mainiacjoe_overflow_cross_hatched, hellmonk_lair_entry_icy,
          hangedman_decor_clover_reticule, chequers_serial_rivers_micro_d
D:11:     layout_gridville, enter_trove_1, uniq_amaemon, uniq_erolcha
D:12:     kennysheep_four_of_diamonds, layout_small_grid, orc_0_dummy,
          serial_shops, shop, uniq_azrael
D:13:     layout_long_grid, nicolae_eternal_life, the_hattery
D:14:     layout_irregular_city, erik_vaults_2, minmay_staircase_statues
D:15:     grunt_enter_depths_hoard, layout_cave_pools, bh_walls_and_bars,
          kennysheep_two_boxes
Temple:   nicolae_temple_ecumenical_triangle
Lair:1:   minmay_lair_venomous_thicket, layout_long_grid, serial_bayou,
          serial_bayou_lagoon_b, serial_bayou_shore_b, serial_bayou_pond_c,
          serial_bayou_pond_c
Lair:2:   layout_long_grid, minmay_shoals_entry_beasts,
          ebering_ghost_disaster_area, serial_bayou_pond_c,
          kennysheep_abandoned_house, uniq_harold
Lair:3:   mu_elephants_graveyard, layout_misc_corridors,
          nicolae_spider_entry_non_spiders
Lair:4:   layout_regular_city, nicolae_slime_entry_slimehenge,
          grunt_forest_stairs_basic, nicolae_lair_lakeside_cave
Lair:5:   gammafunk_lair_ancient_temple, layout_gridlike, minmay_hedge_maze,
          lemuel_fruit_tree
Shoals:1: layout_shoals, serial_shops, nicolae_square_shop,
          gammafunk_ghost_necromancy
Shoals:2: layout_shoals, gammafunk_ghost_tricky_traps,
          nicolae_shoals_abyss_on_the_beach
Shoals:3: layout_shoals, nicolae_shoals_water_elemental_grotto
Shoals:4: shoals_end_hellmonk_lost_city, uniq_kirke
Spider:1: layout_spider_delve, nicolae_spider_some_kinda_spiderbox
Spider:2: layout_cave_pods, nicolae_spider_nook
Spider:3: layout_spider_delve, uniq_agnes
Spider:4: johnstein_spider_rune_arachne_lair
Orc:1:    layout_caves, guppyfry_orc_lava_fort
Orc:2:    grunt_orc_cross, layout_caves
Elf:1:    eino_elf_arrival_sip, layout_onion_city, hangedman_elf_represent,
          nicolae_elf_deep_mausoleum, uniq_frances
Vaults:1: nicolae_vaults_tetromino_L_1, ontoclasm_vaults_shuriken,
          nicolae_vaults_storage_closets_2, nicolae_vaults_storage_room_glass,
          vaults_room_door_ring, v_misc_16, ontoclasm_vaults_pinch,
          nicolae_vaults_trapezoid_lopsided_3, nicolae_vaults_rhombus_6,
          nicolae_vaults_tetromino_T_1, layout_vaults_chaotic_city

Skill      XL: |  1  2  3  4  5  6  7  8  9 10 11 12 13 14 15 16 17 18 19 20 |
---------------+-------------------------------------------------------------+-----
Maces & Flails | 1 2 3 4 5 6 8 10 12 14 16 17 18 19 20 | 20.2
Armour         | 1 2 3 5 6 8 9 10 11 13 14 15 17 18 | 18.3
Fighting       | 4 5 6 7 9 10 12 13 14 16 17 18 19 20 | 20.0
Invocations    | 3 5 7 9 10 11 13 14 15 | 15.0
Shields        | 3 6 9 10 11 12 13 | 13.0
Throwing       | 3 |  3.6
Polearms       | |  3.0
Dodging        | |  3.2

Action                     |  1- 3 |  4- 6 |  7- 9 | 10-12 | 13-15 | 16-18 | 19-21 || total
---------------------------+-------+-------+-------+-------+-------+-------+-------++-------
  Melee: Morningstar       |    67 |   135 |   273 |   830 |   953 |       |       ||  2258
         War axe           |       |       |       |    10 |     5 |       |       ||    15
         Demon whip        |       |       |       |       |   538 |  1800 |   758 ||  3096
         Kick              |       |       |       |       |       |   372 |   412 ||   784
  Throw: Javelin           |       |       |     4 |     3 |     1 |       |    33 ||    41
         Throwing net      |       |       |       |       |     3 |     3 |     1 ||     7
 Invoke: Bend Time         |       |       |       |     2 |     9 |    12 |     4 ||    27
         Slouch            |       |       |       |       |     2 |     5 |       ||     7
         Temporal Distorti |       |       |       |       |     8 |    23 |    19 ||    50
Ability: Hop               |       |     1 |     2 |     1 |     6 |     8 |     3 ||    21
    Use: Scroll            |    12 |     1 |     7 |    13 |     8 |    12 |     6 ||    59
         Potion            |       |     2 |     2 |     1 |     6 |     8 |     9 ||    28
   Stab: Invisible         |       |       |       |     3 |       |       |       ||     3
         Held in net/web   |       |       |       |       |       |     1 |     1 ||     2
         Distracted        |       |       |       |       |       |       |     4 ||     4
 Armour: Robe              |     5 |       |       |       |       |       |       ||     5
         Ring mail         |    20 |   117 |       |       |       |       |       ||   137
         Scale mail        |       |       |   196 |   360 |       |       |       ||   556
         Plate armour      |       |       |       |   177 |   677 |   621 |   259 ||  1734
         Skin              |       |       |       |       |    30 |       |       ||    30
  Dodge: Dodged            |    40 |   164 |   161 |   397 |   463 |   590 |   244 ||  2059
  Block: Kite shield       |       |       |       |   291 |  1083 |  1390 |   562 ||  3326
         Orb               |       |       |       |       |     1 |       |       ||     1
